 Dungeon Crawl Stone Soup version 0.31-a0-187-gba352fbbf7 (webtiles) character file.

Game seed: 13347021651513356038

27 qw the Shooter (level 2, -1/16 HPs)
             Began as a Deep Elf Hunter on June 22, 2023.
             Killed by divine providence
             ... invoked by an orc priest
              (13 damage)
             ... on level 3 of the Dungeon.
             The game lasted 00:00:22 (1481 turns).

qw the Shooter (Deep Elf Hunter)                    Turns: 1481, Time: 00:00:23

Health: -1/16      AC:  7    Str:  8    XL:     2   Next: 93%
Magic:  4/4        EV:  8    Int: 13    God:
Gold:   124        SH:  0    Dex: 18    Spells: 1/1 levels left

rFire   . . .        Y - +0 shortbow
rCold   . . .        (shield currently unavailable)
rNeg    . . .        e - +0 scale mail
rPois   .            (no helmet)
rElec   .            (no cloak)
rCorr   .            f - +0 pair of gloves
SInv    .            (no boots)
Will    .....        (no amulet)
Stlth   +            (no ring)
HPRegen 0.22/turn    (no ring)
MPRegen 0.09/turn

%: no passive effects
@: no status effects
A: no striking features
a: no special abilities


You were on level 3 of the Dungeon.
You visited 1 branch of the dungeon, and saw 3 of its levels.

You collected 124 gold pieces.


   Skills:
 - Level 1.5 Fighting
 + Level 6.6 Ranged Weapons
 - Level 2.4 Dodging
 - Level 1.2 Stealth


You had one spell level left.
You didn't know any spells.
Your spell library was empty.

Inventory:

Hand Weapons
 Y - a +0 shortbow (weapon)
Armour
 e - a +0 scale mail (worn)
 f - a +0 pair of gloves (worn)
Scrolls
 c - a scroll of teleportation
Potions
 a - 2 potions of curing
 d - a potion of lignification {unknown}

Dungeon Overview and Level Annotations

Branches:
Dungeon (3/15)

Altars:
Qazlal


Message History

Found 6 stones.
You see here a ball python corpse.
An orc comes into view. It is wielding a +0 club.
You shoot an arrow. The arrow closely misses the orc.
The orc shouts!
An orc comes into view. It is wielding a +0 falchion.
You shoot an arrow. The orc shouts!
The arrow hits the orc but does no damage.
You shoot an arrow.
The arrow hits the orc but does no damage.
An orc comes into view. It is wielding a +0 war axe.
You shoot an arrow.
The arrow hits the orc but does no damage.
You shoot an arrow. The arrow hits the orc.
The orc is severely wounded.
You shoot an arrow.
The arrow hits the orc but does no damage.
The orc is severely wounded.
An orc wizard comes into view. It is wielding a +0 dagger.
The orc hits you with a +0 falchion.
You shoot an arrow. The arrow closely misses the orc.
The arrow hits the orc.
The orc is heavily wounded.
An orc priest comes into view. It is wielding a +0 whip.
The orc falls through a shaft!
The shaft crumbles and collapses.
An orc comes into view. It is wielding a +0 whip.
You shoot an arrow. The orc shouts!
The orc priest shouts!
The arrow hits the orc.
You kill the orc!
The orc wizard gestures wildly while chanting.
The orc wizard flickers and vanishes!
Deactivating autopickup; reactivate with Ctrl-A.
The orc hits you but does no damage.
You shoot an arrow. The arrow hits the orc!
You kill the orc!
The orc priest invokes the aid of Beogh against you.
Beogh smites you!
Ouch! That really hurt!
You die...

#. #. #. #.
######.###
.........#
.###..)..####
oo{.!.)@%..<+
.###....^..~~^.....
#~#^^^.~.#~^.... ..
#.^...#....... ##
##~¤...#~.#...
...^.((¤~¤# +#
....._......
~¤..~..~¤^¤##


You could see an orc priest and an orc.

Vanquished Creatures
  A worm (D:2)
  A dart slug (D:2)
  2 orcs (D:3)
  2 endoplasms (D:1)
  A goblin (D:1)
  3 kobolds
  A quokka (D:1)
  5 ball pythons
  2 bats
  A frilled lizard (D:1)
  A rat (D:1)
20 creatures vanquished.

Notes
Turn   | Place    | Note
-------+----------+-------------------------------------------
     0 | D:1      | qw the Deep Elf Hunter began the quest for the Orb.
     0 | D:1      | Reached XP level 1. HP: 12/12 MP: 3/3
     0 | D:1      | 0 ||| qw: Version: 0.3-a-9-g12657ce
     0 | D:1      | 0 ||| qw: Game counter: 2404
     0 | D:1      | 0 ||| qw: Always use a shield: true
     0 | D:1      | 0 ||| qw: God list: Okawaru
     0 | D:1      | 0 ||| qw: Allow faded altars: false
     0 | D:1      | 0 ||| qw: Do Orc after D:15 true
     0 | D:1      | 0 ||| qw: Do second Lair branch before Depths: true
     0 | D:1      | 0 ||| qw: Lair rune preference: random
     0 | D:1      | 0 ||| qw: Plans: Normal
     0 | D:1      | 0 ||| PLANNING D:1-11
   350 | D:1      | Reached skill level 6 in Ranged Weapons
   350 | D:1      | Reached XP level 2. HP: 16/16 MP: 4/4
   845 | D:1      | 845 ||| UPGRADING to +0 scale mail.
   855 | D:1      | 855 ||| DROPPING +0 leather armour.
   856 | D:1      | 856 ||| UPGRADING to +0 pair of gloves.
   861 | D:1      | 861 ||| READING scroll labelled UPITSO BYXZAPO.
   862 | D:1      | 862 ||| READING scroll labelled UPIEKYASIH.
   863 | D:1      | 863 ||| READING scroll labelled QIECUE EHABLIC.
   866 | D:1      | 866 ||| DROPPING scroll of butterflies.
  1254 | D:2      | 1254 ||| FLEEEEING.
  1255 | D:2      | 1255 ||| FLEEEEING.
  1256 | D:2      | 1256 ||| FLEEEEING.
  1434 | D:2      | 1434 ||| READING scroll labelled KALUOXK UBOTIU.
  1435 | D:2      | 1435 ||| DRINKING 3 brown potions.
  1463 | D:3      | Found a stormy altar of Qazlal.
  1481 | D:3      | Killed from afar by an orc priest

Levels and vault maps discovered:
D:1:      kilobyte_arrival_exit_the_forest, layout_loops_ring,
          dk_noncrumbling_3, grunt_decor_junction, amethyst_killhole
D:2:      layout_basic
D:3:      layout_loops_corners, grunt_qazlal_sundering,
          nicolae_elyvilon_temple_path, nicolae_half_adder

Skill      XL: |  1 |
---------------+----+-----
Ranged Weapons | 6 |  6.6
Fighting       | |  1.5
Dodging        | |  2.4
Stealth        | |  1.2

Action                     || total
---------------------------++-------
   Fire: Shortbow          ||    71
    Use: Scroll            ||     4
         Potion            ||     1
 Armour: Leather armour    ||     6
         Scale mail        ||    14
  Dodge: Dodged            ||    18

Table legend:
 A = Non-vault XP
 B = Vault XP
 C = Vault XP percentage of total XP
 D = Non-vault monster count
 E = Vault monster count
 F = Vault count percentage of total count
                 A         B        C        D         E       F
            +---------+---------+-------+---------+---------+-------
      Total |      42 |       0 |   0.0 |      20 |       0 |   0.0
            +---------+---------+-------+---------+---------+-------
        D:1 |      17 |       0 |   0.0 |      11 |       0 |   0.0
        D:2 |      18 |       0 |   0.0 |       6 |       0 |   0.0
        D:3 |       7 |       0 |   0.0 |       3 |       0 |   0.0
            +---------+---------+-------+---------+---------+-------
